 Dungeon Crawl Stone Soup version 0.18.1-48-g4cf74bf (webtiles) character file.

23816 Iskender the Black Sun (level 12, -4/59 HPs)
             Began as a Deep Elf Necromancer on July 27, 2016.
             Was a High Priest of Kikubaaqudgha.
             Killed from afar by a lindwurm (42 damage)
             ... with a blast of flame
             ... on level 7 of the Lair of Beasts on July 28, 2016.
             The game lasted 03:07:09 (14540 turns).

Iskender the Black Sun (Deep Elf Necromancer)      Turns: 14540, Time: 03:07:09

Health: -4/59      AC: 11    Str:  5    XL:     12   Next: 75%
Magic:  32/44      EV: 22    Int: 25    God:    Kikubaaqudgha [*****.]
Gold:   749        SH:  0    Dex: 16    Spells: 9 memorised, 7 levels left

rFire  . . .     SeeInvis .     a - staff of power
rCold  . . .     Gourm    .     r - +3 leather armour
rNeg   . . .     Faith    .     (no shield)
rPois  .         Spirit   .     T - +0 helmet
rElec  .         Dismiss  .     D - +1 cloak {+Inv}
rCorr  .         Reflect  .     c - +0 pair of gloves
SustAt .         Harm     .     l - +0 pair of boots
MR     ++...                    I - amulet of magic regeneration
Stlth  +++.......               L - ring of protection from magic
                                p - +5 ring of evasion

@: regenerating, very resistant to hostile enchantments, fairly stealthy
A: no striking features
a: Receive Corpses, Torment, Renounce Religion, Evoke Invisibility


You were on level 7 of the Lair of Beasts.
You worshipped Kikubaaqudgha.
Kikubaaqudgha was extremely pleased with you.
You were not hungry.

You visited 3 branches of the dungeon, and saw 19 of its levels.

You collected 749 gold pieces.

Inventory:

Hand Weapons
 b - a +3 quarterstaff of chaos
 v - a +0 blowgun
 A - a +2 flail of protection
 N - a +0 quarterstaff
Missiles
 e - 4 javelins of returning (quivered)
 q - 6 curare-tipped needles
 P - a throwing net
Armour
 c - a +0 pair of gloves (worn)
 l - a +0 pair of boots (worn)
 r - a +3 leather armour (worn)
 D - a +1 cloak of invisibility (worn)
 T - a +0 helmet (worn)
Magical Staves
 a - an uncursed staff of power (weapon)
Jewellery
 p - a +5 ring of evasion (left hand)
 C - an uncursed amulet of regeneration
 I - an amulet of magic regeneration (around neck)
 L - a ring of protection from magic (right hand)
Wands
 h - a wand of enslavement (15/24)
 o - a wand of digging (6/24)
 w - a wand of digging (6/24)
 z - a wand of paralysis (9/24)
 K - a wand of iceblast (9/15)
 O - a wand of iceblast (8/15)
 Q - a wand of iceblast (0/15)
 Y - a wand of acid (2/15)
 Z - a wand of acid (5/15)
Scrolls
 f - 3 scrolls of immolation
 j - 8 scrolls of remove curse
 t - a scroll of magic mapping
 u - 2 scrolls of enchant weapon
 E - a scroll of fog {unknown}
 G - a scroll of identify
 J - a scroll of teleportation
 V - a scroll of holy word {unknown}
 W - a scroll of brand weapon {unknown}
 X - a scroll of acquirement
Potions
 d - a potion of heal wounds
 i - 2 potions of resistance
 m - a potion of magic
 n - 2 potions of cancellation {unknown}
 x - a potion of agility
 B - 4 potions of might
 M - 2 potions of mutation {unknown}
 R - a potion of brilliance
 U - a potion of curing
Books
 k - Kikubaaqudgha's Guide on Unholy Rites
   (Kikubaaqudgha gifted it to you on level 1 of the Lair of Beasts)

   Spells                             Type                      Level
   a - Excruciating Wounds            Charms/Necromancy            5
   b - Agony                          Necromancy                   5
   c - Cigotuvi's Embrace             Necromancy                   5
   d - Dispel Undead                  Necromancy                   5
   e - Simulacrum                     Ice/Necromancy               6
 y - a book of Necromancy

   Spells                             Type                      Level
   a - Pain                           Necromancy                   1
   b - Animate Skeleton               Necromancy                   1
   c - Vampiric Draining              Necromancy                   3
   d - Regeneration                   Charms/Necromancy            3
   e - Animate Dead                   Necromancy                   4
   f - Control Undead                 Necromancy                   4
 H - a book of Power

   Spells                             Type                      Level
   a - Fulminant Prism                Conjuration/Hexes            4
   b - Iskenderun's Mystic Blast      Conjuration                  4
   c - Venom Bolt                     Conjuration/Poison           5
   d - Bolt of Magma                  Conjuration/Fire/Earth       5
   e - Iron Shot                      Conjuration/Earth            6
   f - Orb of Destruction             Conjuration                  7
   g - Spellforged Servitor           Conjuration/Summoning        7
Comestibles
 g - 2 beef jerkies
 s - a chunk of flesh
 F - 4 meat rations
 S - 3 bread rations


   Skills:
 - Level 9.0 Staves
 - Level 9.6 Dodging
 - Level 4.9 Stealth
 - Level 11.1 Spellcasting
 + Level 11.2 Conjurations
 - Level 2.6 Charms
 - Level 14.4 Necromancy


You had 7 spell levels left.
You knew the following spells:

 Your Spells              Type           Power        Failure   Level  Hunger
a - Pain                  Necr           ####         1%          1    None
c - Regeneration          Chrm/Necr      ######....   1%          3    None
d - Animate Dead          Necr           N/A          1%          4    None
e - Fulminant Prism       Conj/Hex       #####.....   10%         4    None
i - Corpse Rot            Necr           N/A          1%          2    None
n - Animate Skeleton      Necr           N/A          1%          1    None
q - Iskenderun's Mystic   Conj           ######..     1%          4    None
w - Agony                 Necr           ######..     1%          5    ####...
z - Sublimation of Blood  Necr           ######....   1%          2    None


Dungeon Overview and Level Annotations

Branches:
Dungeon (11/15)            Temple (1/1) D:4            Lair (8/8) D:8
 Shoals (0/4) Lair:4       Spider (0/4) Lair:3
  Slime: Lair:6-8       Orc: D:9-12

Altars:
Ashenzari
Cheibriados
Dithmenos
Elyvilon
Fedhas
Gozag
Kikubaaqudgha
Makhleb
Nemelex Xobeh
Okawaru
Pakellas
Qazlal
Ru
Sif Muna
Trog
Vehumet
Xom
Yredelemnul
Zin
The Shining One

Annotations:
D:3 GFox's ghost, amateur VSFi
D:4 Menkaure
D:10 exclusion: 2 hill giants
Lair:2 Nergalle


Message History

Casting: Pain
Confirm with . or Enter, or press ? or * to list all spells.
Aiming: Fulminant Prism
Press: ? - help, Dir - move target cursor You conjure a prism of explosive energy!
Casting: Fulminant Prism
Confirm with . or Enter, or press ? or * to list all spells.
Aiming: Agony
Press: ? - help, Shift-Dir - straight line, f - lindwurm
Aim: a lindwurm (chance to defeat MR: 97%)
The lindwurm convulses in agony!
Your fulminant prism crackles loudly.
Casting: Agony
Confirm with . or Enter, or press ? or * to list all spells.
You draw magical energy from your own body!
The lindwurm breathes flames at you. The blast of flame hits you!
Ouch! That really hurt!
You die...
Kikubaaqudgha rasps: "You have failed me!
Welcome... death!"

,≈,,,≈,..#.#...#..##
,≈≈,≈,,**#.#......#
≈≈≈≈,,** ##.P.P...####
≈,,,,,** #....P......#
,*,,,,,**#........P###
,,,,,,,,*##..##....#
*,**,,,,*.#..#.P...#
***,*,,,,..........#
,******,,...k...@.##
,********#..*P5.###
***,,,**,%....##*
****,,,,,.....,*
*,**,,,,,..5.,**
,,,*,,,∩,..,,**
,,,,,,,,,.,,,*
**,*,,,,,,,,,*
****,,,,,,,,,*


You could see a lindwurm, 2 white imps and a friendly fulminant prism.

Vanquished Creatures
  2 hydras
  Pikel (D:6)
  A griffon (Lair:3)
  2 black mambas
  9 spiny frogs
  2 sirens (Lair:4)
  3 komodo dragons
  A troll (D:10)
  2 merfolk (Lair:4)
  A giant leech (Lair:8)
  13 blink frogs
  Sigmund (D:4)
  18 yaks
  2 basilisks
  4 hippogriffs
  A hungry ghost (D:10)
  3 vampire mosquitoes (Lair:8)
  6 porcupines
  6 water moccasins
  2 orc warriors
  2 ice beasts (D:8)
  A sky beast (D:8)
  7 ogres
  A necrophage (D:8)
  7 wolves
  2 centaurs
  7 crocodiles
  9 giant frogs
  3 scorpions
  19 killer bees
  3 electric eels
  2 crimson imps
  A centaur zombie (D:7)
  A quasit (D:8)
  4 orc priests
  Crazy Yiuf (D:4)
  4 hounds
  A jelly (D:5)
  3 orc wizards
  7 iguanas
  7 worker ants
  2 killer bee zombies
  5 sheep
  2 worker ant zombies
  A howler monkey zombie (D:5)
  16 river rats
  7 adders
  2 shadow imps
  6 white imps (Lair:7)
  An adder zombie (D:5)
  An ooze (D:4)
  3 adder skeletons
  5 worms
  A dart slug (D:4)
  4 giant geckos
  17 orcs
  4 giant cockroaches
  5 goblins
  4 hobgoblins
  11 jackals
  7 kobolds
  6 quokkas
  2 ball pythons
  6 bats
  7 giant newts
  A quokka skeleton (D:6)
  2 quokka zombies
  8 rats
  3 fungi (Lair:8)
  A plant (Lair:4)
312 creatures vanquished.

Vanquished Creatures (collateral kills)
  Urug (Lair:4)
  4 spiny frogs
  A rime drake (Lair:8)
  A komodo dragon (Lair:8)
  A queen bee (D:8)
  A yak (Lair:8)
  3 blink frogs
  A wyvern (Lair:4)
  A basilisk (Lair:8)
  3 hippogriffs
  2 vampire mosquitoes (Lair:8)
  2 water moccasins
  A black bear (D:9)
  A centaur (D:9)
  2 crocodiles
  10 giant frogs
  4 killer bees
  An electric eel (Lair:8)
  A crimson imp (D:8)
  A hound (D:9)
  A jelly (D:10)
  An iguana (Lair:3)
  An orc wizard (D:8)
  2 worker ants
  4 sheep (Lair:1)
  A shadow imp (D:6)
  A giant gecko (D:2)
  8 orcs
  3 giant cockroaches
  A hobgoblin (D:1)
  3 kobolds
  A quokka (D:8)
  A giant newt (D:4)
  4 goblins (D:1)
  A rat (D:1)
  2 fungi
77 creatures vanquished.

Vanquished Creatures (others)
  A black mamba (Lair:8)
  2 spiny frogs (Lair:8)
  A wolf (Lair:8)
  A jelly (D:6)
  An orc (D:6)
  43 fulminant prisms
  12 fungi
  13 plants
74 creatures vanquished.

Grand Total: 463 creatures vanquished

Notes
Turn   | Place    | Note
--------------------------------------------------------------
     0 | D:1      | Iskender the Deep Elf Necromancer began the quest for the Orb.
     0 | D:1      | Reached XP level 1. HP: 10/10 MP: 6/6
     2 | D:1      | Learned a level 1 spell: Animate Skeleton
   706 | D:1      | Reached XP level 2. HP: 13/15 MP: 5/8
  1227 | D:2      | Reached skill level 5 in Necromancy
  1227 | D:2      | Reached XP level 3. HP: 16/19 MP: 5/9
  1345 | D:2      | Learned a level 3 spell: Regeneration
  1441 | D:2      | Learned a level 3 spell: Vampiric Draining
  1480 | D:2      | Noticed Sigmund
  1760 | D:2      | Found an opulent altar of Gozag.
  1762 | D:2      | Found an iron altar of Okawaru.
  1975 | D:2      | Reached XP level 4. HP: 21/24 MP: 6/10
  2451 | D:3      | Noticed GFox's ghost (amateur VSFi)
  2625 | D:3      | Reached skill level 6 in Necromancy
  2661 | D:3      | Reached XP level 5. HP: 19/28 MP: 3/13
  2841 | D:3      | Learned a level 4 spell: Animate Dead
  2894 | D:3      | Found a bloodstained altar of Trog.
  2973 | D:3      | Found a blossoming altar of Fedhas.
  2973 | D:3      | Found a burning altar of Makhleb.
  3008 | D:4      | Reached skill level 7 in Necromancy
  3028 | D:4      | Found a sparkling altar of Nemelex Xobeh.
  3117 | D:4      | Noticed Crazy Yiuf
  3174 | D:4      | Noticed Menkaure
  3266 | D:4      | Killed Crazy Yiuf
  3350 | D:5      | Entered Level 5 of the Dungeon
  3386 | D:5      | Reached skill level 1 in Staves
  3433 | D:5      | Noticed an orc warrior
  3587 | D:4      | Noticed an ogre
  3704 | D:5      | Found a shimmering altar of Xom.
  3725 | D:5      | Reached XP level 6. HP: 32/32 MP: 14/14
  4132 | D:5      | Killed an orc warrior
  4153 | D:6      | Reached XP level 7. HP: 7/36 MP: 2/15
  4454 | D:5      | Reached skill level 5 in Spellcasting
  4930 | D:4      | Found a staircase to the Ecumenical Temple.
  4941 | Temple   | Entered the Ecumenical Temple
  5006 | Temple   | Became a worshipper of Kikubaaqudgha
  5266 | D:4      | Killed Sigmund
  5266 | D:4      | Reached skill level 5 in Staves
  5451 | D:6      | Noticed an angel
  5452 | D:6      | Found a glowing silver altar of Zin.
  5452 | D:6      | Found a shimmering altar of Xom.
  5536 | D:6      | Reached XP level 8. HP: 35/41 MP: 17/20
  5770 | D:6      | Found a snail-covered altar of Cheibriados.
  5873 | D:6      | HP: 2/41 [ogre/giant club (18)]
  5960 | D:6      | Reached * piety under Kikubaaqudgha
  5960 | D:6      | Received a gift from Kikubaaqudgha
  5963 | D:6      | Identified Kikubaaqudgha's Grimoire of Evil (Kikubaaqudgha gifted it to you on level 6 of the Dungeon)
  5967 | D:6      | Learned a level 2 spell: Corpse Rot
  5985 | D:6      | Learned a level 2 spell: Sublimation of Blood
  6063 | D:6      | Noticed Pikel
  6086 | D:6      | Killed Pikel
  6778 | D:7      | Reached XP level 9. HP: 43/45 MP: 18/21
  6825 | D:7      | Reached skill level 8 in Necromancy
  6993 | D:8      | Noticed a komodo dragon
  7402 | D:8      | Got a shimmering dagger
  7560 | D:8      | Noticed a queen bee
  7583 | D:8      | Killed a queen bee
  7637 | D:8      | Reached skill level 10 in Spellcasting
  7681 | D:7      | Identified the +4 dagger of Okawaru's Fury {pierce, *Corrode MP-9 Str+8 Stlth+} (You found it on level 8 of the Dungeon)
  7747 | D:7      | Killed a komodo dragon
  7747 | D:7      | Reached skill level 9 in Necromancy
  7772 | D:8      | Reached ** piety under Kikubaaqudgha
  7778 | D:8      | Found a staircase to the Lair.
  7904 | Lair:1   | Entered Level 1 of the Lair of Beasts
  7975 | Lair:1   | Reached skill level 10 in Necromancy
  8030 | Lair:1   | Learned a level 4 spell: Iskenderun's Mystic Blast
  8139 | Lair:1   | Reached skill level 1 in Conjurations
  8224 | Lair:1   | Reached XP level 10. HP: 40/50 MP: 21/26
  8670 | D:10     | Entered Level 10 of the Dungeon
  8733 | D:10     | Noticed a hill giant
  8733 | D:10     | Noticed a hill giant
  9097 | D:11     | Reached skill level 5 in Conjurations
  9961 | D:9      | Got a steaming mace
  9963 | D:9      | Identified the +2 mace of Korias {crush, +Rage} (You found it on level 9 of the Dungeon)
 10734 | Lair:1   | Reached *** piety under Kikubaaqudgha
 10734 | Lair:1   | Received a gift from Kikubaaqudgha
 10754 | Lair:1   | Identified Kikubaaqudgha's Guide on Unholy Rites (Kikubaaqudgha gifted it to you on level 1 of the Lair of Beasts)
 10769 | Lair:1   | Learned a level 5 spell: Agony
 10816 | Lair:1   | Learned a level 4 spell: Fulminant Prism
 10840 | Lair:1   | Reached skill level 5 in Dodging
 11339 | Lair:2   | Noticed a black mamba
 11342 | Lair:2   | Killed a black mamba
 11342 | Lair:2   | Reached XP level 11. HP: 48/54 MP: 3/27
 11740 | Lair:2   | Noticed Nergalle
 12041 | Lair:2   | Noticed a spectral orc warlord
 12167 | Lair:3   | Noticed a six-headed hydra
 12187 | Lair:3   | Killed a six-headed hydra
 12187 | Lair:3   | Reached skill level 10 in Conjurations
 12216 | Lair:3   | Reached **** piety under Kikubaaqudgha
 12686 | Lair:3   | Noticed a griffon
 12704 | Lair:3   | Killed a griffon
 12826 | Lair:3   | Found a hole to the Spider Nest.
 13083 | Lair:3   | Identified 2 scrolls of acquirement
 13285 | Lair:4   | Reached skill level 11 in Necromancy
 13290 | Lair:4   | Found a staircase to the Shoals.
 13494 | Lair:4   | Noticed Urug
 13513 | Lair:4   | Killed Urug
 13513 | Lair:4   | Reached skill level 12 in Necromancy
 13541 | Lair:4   | Reached ***** piety under Kikubaaqudgha
 13831 | Lair:5   | Reached XP level 12. HP: 58/59 MP: 29/29
 13863 | Lair:5   | You fall through a shaft for 3 floors!
 13863 | Lair:8   | Entered Level 8 of the Lair of Beasts
 13875 | Lair:8   | Reached skill level 1 in Charms
 13947 | Lair:8   | Reached skill level 13 in Necromancy
 14120 | Lair:8   | Reached skill level 14 in Necromancy
 14165 | Lair:8   | Noticed a seven-headed hydra
 14174 | Lair:8   | Killed a seven-headed hydra
 14432 | Lair:8   | Found an ancient bone altar of Kikubaaqudgha.
 14540 | Lair:7   | Killed from afar by a lindwurm

Skill      XL: |  1  2  3  4  5  6  7  8  9 10 11 12 |
---------------+-------------------------------------+-----
Stealth        | 3 4 |  4.9
Necromancy     | 5 6 7 10 12 14 | 14.4
Spellcasting   | 4 6 10 11 | 11.1
Staves         | 1 4 5 9 |  9.0
Conjurations   | 2 8 10 11 | 11.2
Dodging        | 7 8 9 |  9.6
Charms         | 2 |  2.6

Action                   |  1- 3 |  4- 6 |  7- 9 | 10-12 || total
-------------------------+-------+-------+-------+-------++-------
Melee: Dagger            |    20 |     4 |       |       ||    24
       Short sword       |       |    51 |       |       ||    51
       Quarterstaff      |       |    21 |    59 |   162 ||   242
       Staff             |       |       |       |    29 ||    29
 Fire: Blowgun           |       |    21 |    38 |    15 ||    74
       Hunting sling     |       |       |     3 |       ||     3
Throw: Stone             |     3 |     9 |       |       ||    12
       Tomahawk          |       |       |     3 |       ||     3
 Cast: Pain              |    58 |    76 |   204 |   284 ||   622
       Animate Skeleton  |    24 |    20 |    16 |    15 ||    75
       Regeneration      |     2 |     3 |    26 |    47 ||    78
       Animate Dead      |       |     4 |    12 |    43 ||    59
       Vampiric Draining |       |       |    11 |       ||    11
       Sublimation of Bl |       |       |    14 |    39 ||    53
       Corpse Rot        |       |       |     1 |     1 ||     2
       Iskenderun's Myst |       |       |       |    54 ||    54
       Agony             |       |       |       |    44 ||    44
       Fulminant Prism   |       |       |       |    44 ||    44
Invok: Receive Corpses   |       |       |     2 |     3 ||     5
 Abil: Evoke Invisibilit |       |       |     1 |     2 ||     3
Evoke: Wand              |       |       |     2 |    28 ||    30
  Use: Potion            |       |     3 |     2 |     9 ||    14
       Scroll            |       |     3 |     8 |    21 ||    32
 Stab: Sleeping          |     1 |     1 |     2 |     3 ||     7
       Distracted        |       |       |     2 |     2 ||     4
       Petrifying        |       |       |       |     2 ||     2
       Confused          |       |       |       |     1 ||     1
       Petrified         |       |       |       |     1 ||     1
  Eat: Chunk             |     3 |     6 |     9 |     9 ||    27
       Royal jelly       |       |     1 |       |     8 ||     9
       Bread ration      |       |       |     2 |       ||     2
       Pizza             |       |       |       |     1 ||     1
       Beef jerky        |       |       |       |     1 ||     1
Armor: Robe              |     7 |       |       |       ||     7
       Leather armour    |     2 |    18 |    29 |    90 ||   139
Dodge: Dodged            |    27 |    67 |   119 |   388 ||   601
